Construct Section Command Post
Construct Platoon Command Post
Construct Field Infirmary
6-pounder Anti-tank Gun Team
Construct Company Command Post
Selects Indian Artillery Battlegroup
Selects Gurkha Rifles Section
Unlock M3 Grant Medium Tanks
Selects Volunteer Infantry
Selects Artillery Saturation
Selects Artillery Saturation
Selects Off-map Airburst Barrage
Unlock Bishop Self-propelled Artillery
Selects BL5.5 Artillery Emplacement